Los Angeles Kings vs San Jose Sharks
Created - Thursday, May 25, 2023 at 09:56
Goals
|
| Los Angeles Kings |
0 |
1 |
1 |
0 |
0 |
2 |
| San Jose Sharks |
1 |
1 |
0 |
0 |
1 |
3 |
|
Shots
|
| Los Angeles Kings |
7 |
17 |
13 |
0 |
3 |
37 |
| San Jose Sharks |
19 |
11 |
8 |
0 |
3 |
38 |
|
1st period
1. San Jose Sharks , David Savard 2 (Oliver Bjorkstrand 33, Ryan Hartman 41) at 16:35
Penalties :
Tyler Gaudet (LAK) for Interference (Minor) at 19:57
2nd period
2. San Jose Sharks , Ryan Strome 10 (Joel Edmundson 10, Anthony DeAngelo 23) at 0:15 (PP)
3. Los Angeles Kings , Noah Dobson 6 (Matt Tennyson 3, Jonas Johansson) at 14:58
Penalties :
No Penalty
3rd period
4. Los Angeles Kings , Cooper Marody 8 (Erik Brannstrom 18, Evan Polei 4) at 15:39
Penalties :
Kirby Dach (LAK) for Roughing (Minor) at 6:14, Anthony DeAngelo (SJS) for Goalie Interference (Minor) at 10:26
Overtime #1
No Goal
Penalties :
No Penalty
Shootout
Los Angeles Kings, Tyler Gaudet - Stopped by Marc-Andre Fleury
San Jose Sharks, Ryan Hartman - Stopped by Jonas Johansson
Los Angeles Kings, Nicklas Backstrom - Stopped by Marc-Andre Fleury
San Jose Sharks, William Karlsson - Stopped by Jonas Johansson
Los Angeles Kings, Kirby Dach - Stopped by Marc-Andre Fleury
San Jose Sharks, Ryan Strome - Goal!
Penalties :
No Penalty
Goalie Stats
Jonas Johansson (LAK), 36 saves from 38 shots - (0.947), OTL, 2-4-2, 65:00 minutes
Marc-Andre Fleury (SJS), 35 saves from 37 shots - (0.946), W, 17-17-1, 65:00 minutes
Players Stats for Los Angeles Kings
Player Name G A P +/- PIM S H SB GA TA FO MP PP MP PK MP
------------------------------------------------------------------------------------
Alexander Radulov 0 0 0 0 0 1 0 1 0 0 3/10 14:48 0:00 0:00
Andrei Svechnikov 0 0 0 0 0 1 2 0 1 0 0/1 16:19 0:57 0:07
Cooper Marody 1 0 1 0 0 3 0 1 0 0 3/7 12:13 0:00 1:11
Dominik Kubalik 0 0 0 0 0 5 1 0 1 0 0/0 19:08 1:02 0:00
Erik Brannstrom 0 1 1 1 0 0 0 2 0 1 0/0 23:14 0:48 1:29
Evan Polei 0 1 1 0 0 2 1 0 0 0 0/0 13:15 0:00 0:59
Jakub Zboril 0 0 0 -1 0 0 1 2 0 0 0/0 17:14 0:00 0:00
K'Andre Miller 0 0 0 1 0 2 2 1 0 1 0/0 24:32 1:11 0:48
Kirby Dach 0 0 0 0 2 5 3 2 0 3 2/3 19:16 1:02 0:00
Matt Tennyson 0 1 1 0 0 1 0 0 0 0 0/0 11:11 0:00 0:00
Mike Matheson 0 0 0 1 0 1 2 0 2 0 0/0 23:14 0:48 1:29
Nicklas Backstrom 0 0 0 0 0 5 1 0 2 0 9/18 19:20 1:02 0:00
Noah Dobson 1 0 1 1 0 3 0 1 1 1 0/0 24:32 1:11 0:48
Peyton Krebs 0 0 0 1 0 3 0 0 0 1 5/19 17:33 0:57 0:59
Rasmus Sandin 0 0 0 -1 0 1 2 2 0 1 0/0 16:48 0:00 0:00
Ryan Reaves 0 0 0 1 0 3 5 0 0 0 0/0 14:56 0:00 0:11
Tyler Gaudet 0 0 0 0 2 0 1 0 0 1 0/0 15:39 0:57 0:00
Vitaly Kravtsov 0 0 0 1 0 1 1 0 0 0 0/0 14:29 0:00 1:07
Players Stats for San Jose Sharks
Player Name G A P +/- PIM S H SB GA TA FO MP PP MP PK MP
------------------------------------------------------------------------------------
Anthony DeAngelo 0 1 1 0 2 2 0 0 0 0 0/0 21:37 0:53 0:00
David Savard 1 0 1 0 0 4 1 1 1 0 0/0 24:25 1:24 1:10
Derek Forbort 0 0 0 0 0 2 4 1 0 1 0/0 24:11 1:24 1:05
Henri Jokiharju 0 0 0 -1 0 0 0 1 0 0 0/0 18:17 0:00 0:00
Jacob Middleton 0 0 0 -1 0 0 0 2 0 0 0/0 19:06 0:00 0:49
Jakob Silfverberg 0 0 0 0 0 5 0 0 1 0 0/0 16:27 1:16 0:00
Jesper Fast 0 0 0 -2 0 1 0 1 0 0 0/0 15:13 0:00 0:00
Joel Edmundson 0 1 1 0 0 0 3 2 0 1 0/0 22:32 0:53 0:54
Michael Bunting 0 0 0 -2 0 3 1 0 1 0 2/3 15:38 0:00 0:00
Mike Hoffman 0 0 0 0 0 2 0 0 0 1 2/4 9:31 0:00 0:00
Nick Paul 0 0 0 0 0 3 0 0 0 0 1/1 16:42 1:16 0:00
Oliver Bjorkstrand 0 1 1 1 0 7 1 0 0 0 0/0 19:53 1:01 0:56
Rem Pitlick 0 0 0 -2 0 1 0 0 1 0 6/14 14:20 0:00 0:00
Ryan Hartman 0 1 1 1 0 0 2 1 4 0 7/14 20:14 1:01 1:03
Ryan Strome 1 0 1 0 0 4 1 0 0 1 16/19 19:06 1:16 0:56
Sonny Milano 0 0 0 0 0 1 0 0 0 1 1/2 11:01 0:00 0:00
Tanner Pearson 0 0 0 0 0 1 1 1 1 2 0/0 9:31 0:00 0:00
William Karlsson 0 0 0 1 0 2 1 0 0 0 1/1 20:16 1:01 1:03
3 Stars
1 - Marc-Andre Fleury (SJS)
2 - Jonas Johansson (LAK)
3 - David Savard (SJS)
Power Play
Los Angeles Kings - 0 on 1 Attempt(s) - 0.00%
San Jose Sharks - 1 on 2 Attempt(s) - 50.00%
Penalty Kill
Los Angeles Kings - 1 on 2 Attempt(s) - 50.00%
- Score 0 goal in Penalty Kill
San Jose Sharks - 1 on 1 Attempt(s) - 100.00%
- Score 0 goal in Penalty Kill
Team Stat
Los Angeles Kings - Hits : 22 - Faceoff Wins : 22 - Blocked Shots : 12 - Penalty Minutes : 4
San Jose Sharks - Hits : 15 - Faceoff Wins : 36 - Blocked Shots : 10 - Penalty Minutes : 2
Official
Referees : Kevin Pollock and Dan O'Rourke
Linesman : David Brisebois and Derek Nansen
Game Notes
No Game Note
Finance
Level 1 -- Attendance: 6000 (100.00%) -- Ticket Income $582,000
Level 2 -- Attendance: 4855 (97.10%) -- Ticket Income $276,735
Level 3 -- Attendance: 2865 (95.50%) -- Ticket Income $94,545
Level 4 -- Attendance: 4519 (90.38%) -- Ticket Income $99,418
Luxury Box -- Attendance: 1000 (100.00%) -- Ticket Income $193,000
Game was played at the SAP Center at San Jose.
Total Attendance: 19239 (96.20%)
Total Ticket Income: $1,245,698
Other Income: $435,994
Total Income: $1,681,692
Los Angeles Kings
5 vs 5 Forward
Center Left Wing Right Wing Time % Phy DF OF
1 Nicklas Backstrom Dominik Kubalik Kirby Dach 30 1 2 2
2 Alexander Radulov Tyler Gaudet Andrei Svechnikov 30 1 2 2
3 Peyton Krebs Vitaly Kravtsov Ryan Reaves 25 1 2 2
4 Cooper Marody Matt Tennyson Evan Polei 15 1 2 2
5 vs 5 Defense
Defense Defense Time % Phy DF OF
1 Noah Dobson K'Andre Miller 35 1 2 2
2 Mike Matheson Erik Brannstrom 35 1 2 2
3 Jakub Zboril Rasmus Sandin 30 1 2 2
4 Noah Dobson K'Andre Miller 0 1 2 2
PowerPlay Forward
Center Left Wing Right Wing Time % Phy DF OF
1 Nicklas Backstrom Dominik Kubalik Kirby Dach 50 1 2 2
2 Peyton Krebs Tyler Gaudet Andrei Svechnikov 50 1 2 2
PowerPlay Defense
Defense Defense Time % Phy DF OF
1 Noah Dobson K'Andre Miller 50 1 2 2
2 Mike Matheson Erik Brannstrom 50 1 2 2
Penalty Kill 4 Players Forward
Center Wing Time % Phy DF OF
1 Peyton Krebs Evan Polei 50 1 2 2
2 Cooper Marody Vitaly Kravtsov 50 1 2 2
Penalty Kill 4 Players Defense
Defense Defense Time % Phy DF OF
1 Noah Dobson K'Andre Miller 50 1 2 2
2 Mike Matheson Erik Brannstrom 50 1 2 2
Penalty Kill - 3 Players Forward
Forward Time % Phy DF OF
1 Peyton Krebs 50 1 2 2
2 Cooper Marody 50 1 2 2
Penalty Kill - 3 Players Defense
Defense Defense Time % Phy DF OF
1 Noah Dobson K'Andre Miller 50 1 2 2
2 Mike Matheson Erik Brannstrom 50 1 2 2
4 vs 4 Forward
Center Wing Time % Phy DF OF
1 Nicklas Backstrom Dominik Kubalik 50 1 2 2
2 Kirby Dach Peyton Krebs 50 1 2 2
4 vs 4 Defense
Defense Defense Time % Phy DF OF
1 Noah Dobson K'Andre Miller 50 1 2 2
2 Mike Matheson Erik Brannstrom 50 1 2 2
Last Minutes Offensive
Center Left Wing Right Wing Defense Defense
Nicklas Backstrom Dominik Kubalik Kirby Dach Noah Dobson K'Andre Miller
Last Minutes Defensive
Center Left Wing Right Wing Defense Defense
Nicklas Backstrom Dominik Kubalik Kirby Dach Noah Dobson K'Andre Miller
Goaltenders
Starting : Jonas Johansson
Backup : John Gibson
Extra Forwards
Normal : Evan Polei, Peyton Krebs, Ryan Reaves - PP : Evan Polei, Peyton Krebs - PK : Ryan Reaves
Extra Defensemen
Normal : Jakub Zboril, Rasmus Sandin, Mike Matheson - PP : Jakub Zboril - PK : Rasmus Sandin, Mike Matheson
Penalty Shots
Tyler Gaudet, Nicklas Backstrom, Kirby Dach, Dominik Kubalik, Andrei Svechnikov
San Jose Sharks
5 vs 5 Forward
Center Left Wing Right Wing Time % Phy DF OF
1 Ryan Hartman William Karlsson Oliver Bjorkstrand 30 1 2 2
2 Ryan Strome Nick Paul Jakob Silfverberg 30 1 2 2
3 Rem Pitlick Michael Bunting Jesper Fast 25 1 2 2
4 Mike Hoffman Tanner Pearson Sonny Milano 15 1 2 2
5 vs 5 Defense
Defense Defense Time % Phy DF OF
1 David Savard Derek Forbort 35 1 2 2
2 Anthony DeAngelo Joel Edmundson 35 1 2 2
3 Henri Jokiharju Jacob Middleton 30 1 2 2
4 David Savard Derek Forbort 0 1 2 2
PowerPlay Forward
Center Left Wing Right Wing Time % Phy DF OF
1 Ryan Hartman William Karlsson Oliver Bjorkstrand 50 1 2 2
2 Ryan Strome Nick Paul Jakob Silfverberg 50 1 2 2
PowerPlay Defense
Defense Defense Time % Phy DF OF
1 David Savard Derek Forbort 50 1 2 2
2 Anthony DeAngelo Joel Edmundson 50 1 2 2
Penalty Kill 4 Players Forward
Center Wing Time % Phy DF OF
1 Ryan Hartman William Karlsson 50 1 2 2
2 Ryan Strome Oliver Bjorkstrand 50 1 2 2
Penalty Kill 4 Players Defense
Defense Defense Time % Phy DF OF
1 David Savard Derek Forbort 50 1 2 2
2 Anthony DeAngelo Joel Edmundson 50 1 2 2
Penalty Kill - 3 Players Forward
Forward Time % Phy DF OF
1 Ryan Hartman 50 1 2 2
2 William Karlsson 50 1 2 2
Penalty Kill - 3 Players Defense
Defense Defense Time % Phy DF OF
1 David Savard Derek Forbort 50 1 2 2
2 Anthony DeAngelo Joel Edmundson 50 1 2 2
4 vs 4 Forward
Center Wing Time % Phy DF OF
1 Ryan Hartman William Karlsson 50 1 2 2
2 Ryan Strome Oliver Bjorkstrand 50 1 2 2
4 vs 4 Defense
Defense Defense Time % Phy DF OF
1 David Savard Derek Forbort 50 1 2 2
2 Anthony DeAngelo Joel Edmundson 50 1 2 2
Last Minutes Offensive
Center Left Wing Right Wing Defense Defense
Ryan Hartman William Karlsson Oliver Bjorkstrand David Savard Derek Forbort
Last Minutes Defensive
Center Left Wing Right Wing Defense Defense
Ryan Hartman William Karlsson Oliver Bjorkstrand David Savard Derek Forbort
Goaltenders
Starting : Marc-Andre Fleury
Backup : Malcolm Subban
Extra Forwards
Normal : Sonny Milano, Michael Bunting, Jesper Fast - PP : Sonny Milano, Michael Bunting - PK : Jesper Fast
Extra Defensemen
Normal : Henri Jokiharju, Jacob Middleton, Anthony DeAngelo - PP : Henri Jokiharju - PK : Jacob Middleton, Anthony DeAngelo
Penalty Shots
Ryan Hartman, William Karlsson, Ryan Strome, Oliver Bjorkstrand, Jakob Silfverberg
% Time on Ice - Los Angeles Kings
Lines # - Real PCT - Wanted PCT - Time Play
Normal Forward
1 - 30% - 30% - 16:49
2 - 27% - 30% - 14:48
3 - 24% - 25% - 13:22
4 - 19% - 15% - 10:45
Normal Defense
1 - 34% - 35% - 19:03
2 - 34% - 35% - 19:11
3 - 29% - 30% - 16:23
4 - 2% - 0% - 1:07
PP Forward
1 - 52% - 50% - 1:02
2 - 48% - 50% - 0:57
PP Defense
1 - 60% - 50% - 1:11
2 - 40% - 50% - 0:48
PK Forward
1 - 48% - 50% - 1:06
2 - 52% - 50% - 1:11
PK Defense
1 - 35% - 50% - 0:48
2 - 65% - 50% - 1:29
PK3 Forward
1 - 0% - 50%
2 - 0% - 50%
PK3 Defense
1 - 0% - 50%
2 - 0% - 50%
44 Forward
1 - 54% - 50% - 2:43
2 - 46% - 50% - 2:17
44 Defense
1 - 56% - 50% - 2:49
2 - 44% - 50% - 2:11
Last Minute Offensive - 0:00
Last Minute Defensive - 0:00
Total
Forward - 65:00
Defense - 65:00
|
% Time on Ice - San Jose Sharks
Lines # - Real PCT - Wanted PCT - Time Play
Normal Forward
1 - 30% - 30% - 16:42
2 - 27% - 30% - 15:11
3 - 26% - 25% - 14:20
4 - 17% - 15% - 9:31
Normal Defense
1 - 34% - 35% - 19:03
2 - 34% - 35% - 19:02
3 - 31% - 30% - 17:10
4 - 1% - 0% - 0:29
PP Forward
1 - 45% - 50% - 1:01
2 - 55% - 50% - 1:16
PP Defense
1 - 61% - 50% - 1:24
2 - 39% - 50% - 0:53
PK Forward
1 - 53% - 50% - 1:03
2 - 47% - 50% - 0:56
PK Defense
1 - 55% - 50% - 1:05
2 - 45% - 50% - 0:54
PK3 Forward
1 - 0% - 50%
2 - 0% - 50%
PK3 Defense
1 - 0% - 50%
2 - 0% - 50%
44 Forward
1 - 50% - 50% - 2:31
2 - 50% - 50% - 2:29
44 Defense
1 - 56% - 50% - 2:49
2 - 44% - 50% - 2:11
Last Minute Offensive - 0:00
Last Minute Defensive - 0:00
Total
Forward - 65:00
Defense - 65:00
|
Play-by-Play
1st period
0:01 of 1st period - Nicklas Backstrom wins face-off versus Ryan Hartman in neutral zone.
1:01 of 1st period - Wrist shot by Michael Bunting.
1:01 of 1st period - Stopped by Jonas Johansson with a rebound.
1:44 of 1st period - Wrist shot by Dominik Kubalik.
1:44 of 1st period - Stopped by Marc-Andre Fleury without a rebound.
1:45 of 1st period - Ryan Strome wins face-off versus Peyton Krebs in San Jose Sharks zone.
2:33 of 1st period - K'Andre Miller is hit by William Karlsson.
2:43 of 1st period - Backhand shot by Noah Dobson.
2:43 of 1st period - Stopped by Marc-Andre Fleury without a rebound.
2:44 of 1st period - Cooper Marody wins face-off versus Ryan Strome in San Jose Sharks zone.
3:11 of 1st period - Snap shot by Oliver Bjorkstrand.
3:11 of 1st period - Shot Blocked by Alexander Radulov.
3:13 of 1st period - Wrist shot by Oliver Bjorkstrand.
3:13 of 1st period - Shot Misses the Net.
3:15 of 1st period - Slapshot by David Savard.
3:15 of 1st period - Stopped by Jonas Johansson with a rebound.
3:17 of 1st period - Slapshot by Derek Forbort.
3:17 of 1st period - Shot Misses the Net.
3:19 of 1st period - Slapshot by Derek Forbort.
3:19 of 1st period - Stopped by Jonas Johansson with a rebound.
3:34 of 1st period - Dominik Kubalik is hit by Derek Forbort and loses puck.
3:51 of 1st period - Wrist shot by Dominik Kubalik.
3:51 of 1st period - Stopped by Marc-Andre Fleury without a rebound.
3:52 of 1st period - Peyton Krebs wins face-off versus Rem Pitlick in San Jose Sharks zone.
3:53 of 1st period - Slapshot by Noah Dobson.
3:53 of 1st period - Shot Blocked by Jacob Middleton.
5:49 of 1st period - Slapshot by Alexander Radulov.
5:49 of 1st period - Shot Misses the Net.
5:51 of 1st period - Slapshot by Tyler Gaudet.
5:51 of 1st period - Deflect By Andrei Svechnikov.
5:51 of 1st period - Shot Misses the Net.
5:51 of 1st period - Puck is out of play.
5:52 of 1st period - Kirby Dach wins face-off versus Ryan Hartman in San Jose Sharks zone.
6:01 of 1st period - Snap shot by William Karlsson.
6:01 of 1st period - Deflect By Ryan Hartman.
6:01 of 1st period - Shot Blocked by Rasmus Sandin.
6:01 of 1st period - Puck is out of play.
6:02 of 1st period - William Karlsson wins face-off versus Kirby Dach in Los Angeles Kings zone.
6:03 of 1st period - Slapshot by Oliver Bjorkstrand.
6:03 of 1st period - Stopped by Jonas Johansson with a rebound.
6:07 of 1st period - Snap shot by Ryan Hartman.
6:07 of 1st period - Shot Misses the Net.
6:09 of 1st period - Slapshot by Derek Forbort.
6:09 of 1st period - Stopped by Jonas Johansson with a rebound.
6:11 of 1st period - Snap shot by Oliver Bjorkstrand.
6:11 of 1st period - Shot Misses the Net.
6:31 of 1st period - Slapshot by Ryan Hartman.
6:31 of 1st period - Shot Misses the Net.
6:33 of 1st period - Wrist shot by David Savard.
6:33 of 1st period - Stopped by Jonas Johansson with a rebound.
6:35 of 1st period - Slapshot by Ryan Hartman.
6:35 of 1st period - Shot Hit the Post.
6:47 of 1st period - Slapshot by Oliver Bjorkstrand.
6:47 of 1st period - Shot Blocked by Jakub Zboril.
6:49 of 1st period - Wrist shot by William Karlsson.
6:49 of 1st period - Stopped by Jonas Johansson with a rebound.
6:51 of 1st period - Slapshot by Derek Forbort.
6:51 of 1st period - Shot Misses the Net.
6:53 of 1st period - Slapshot by William Karlsson.
6:53 of 1st period - Shot Blocked by Kirby Dach.
6:57 of 1st period - Wrist shot by Ryan Hartman.
6:57 of 1st period - Shot Blocked by Jakub Zboril.
7:05 of 1st period - Wrist shot by Dominik Kubalik.
7:05 of 1st period - Shot Misses the Net.
7:53 of 1st period - Snap shot by William Karlsson.
7:53 of 1st period - Shot Misses the Net.
7:55 of 1st period - Slapshot by Derek Forbort.
7:55 of 1st period - Deflect By Oliver Bjorkstrand.
7:55 of 1st period - Stopped by Jonas Johansson without a rebound.
7:56 of 1st period - Ryan Strome wins face-off versus Alexander Radulov in Los Angeles Kings zone.
8:32 of 1st period - Wrist shot by Ryan Reaves.
8:32 of 1st period - Stopped by Marc-Andre Fleury without a rebound.
8:33 of 1st period - Ryan Strome wins face-off versus Alexander Radulov in San Jose Sharks zone.
8:46 of 1st period - Snap shot by Nick Paul.
8:46 of 1st period - Stopped by Jonas Johansson with a rebound.
9:51 of 1st period - Nick Paul is hit by Andrei Svechnikov and loses puck.
10:19 of 1st period - Henri Jokiharju is hit by Evan Polei and loses puck.
11:04 of 1st period - Rem Pitlick is hit by Rasmus Sandin and loses puck.
11:29 of 1st period - Snap shot by Mike Hoffman.
11:29 of 1st period - Deflect By Sonny Milano.
11:29 of 1st period - Shot Misses the Net.
11:29 of 1st period - Puck is out of play.
11:30 of 1st period - Nicklas Backstrom wins face-off versus Mike Hoffman in Los Angeles Kings zone.
11:57 of 1st period - Icing by Alexander Radulov.
11:58 of 1st period - Ryan Strome wins face-off versus Alexander Radulov in Los Angeles Kings zone.
12:05 of 1st period - Slapshot by Jakob Silfverberg.
12:05 of 1st period - Stopped by Jonas Johansson without a rebound.
12:06 of 1st period - Ryan Strome wins face-off versus Peyton Krebs in Los Angeles Kings zone.
12:07 of 1st period - Slapshot by Jakob Silfverberg.
12:07 of 1st period - Shot Misses the Net.
12:41 of 1st period - Wrist shot by Michael Bunting.
12:41 of 1st period - Stopped by Jonas Johansson with a rebound.
12:55 of 1st period - Snap shot by Cooper Marody.
12:55 of 1st period - Stopped by Marc-Andre Fleury without a rebound.
12:56 of 1st period - Cooper Marody wins face-off versus Ryan Hartman in San Jose Sharks zone.
13:07 of 1st period - Anthony DeAngelo is hit by K'Andre Miller and loses puck.
13:45 of 1st period - Snap shot by Oliver Bjorkstrand.
13:45 of 1st period - Stopped by Jonas Johansson without a rebound.
13:46 of 1st period - Ryan Strome wins face-off versus Peyton Krebs in Los Angeles Kings zone.
14:17 of 1st period - Snap shot by Jesper Fast.
14:17 of 1st period - Stopped by Jonas Johansson without a rebound.
14:18 of 1st period - Nicklas Backstrom wins face-off versus Ryan Strome in Los Angeles Kings zone.
15:03 of 1st period - Wrist shot by Ryan Strome.
15:03 of 1st period - Shot Misses the Net.
15:05 of 1st period - Slapshot by Joel Edmundson.
15:05 of 1st period - Shot Blocked by Kirby Dach.
15:07 of 1st period - Slapshot by Joel Edmundson.
15:07 of 1st period - Shot Misses the Net.
15:15 of 1st period - Joel Edmundson is hit by Nicklas Backstrom and loses puck.
15:29 of 1st period - Slapshot by Dominik Kubalik.
15:29 of 1st period - Stopped by Marc-Andre Fleury without a rebound.
15:30 of 1st period - Rem Pitlick wins face-off versus Peyton Krebs in San Jose Sharks zone.
16:14 of 1st period - Wrist shot by Mike Matheson.
16:14 of 1st period - Shot Misses the Net.
16:16 of 1st period - Snap shot by Evan Polei.
16:16 of 1st period - Stopped by Marc-Andre Fleury without a rebound.
16:17 of 1st period - Ryan Hartman wins face-off versus Cooper Marody in San Jose Sharks zone.
16:17 of 1st period - Ryan Hartman is hit by Jakub Zboril.
16:23 of 1st period - Snap shot by Oliver Bjorkstrand.
16:23 of 1st period - Shot Blocked by Rasmus Sandin.
16:25 of 1st period - Slapshot by David Savard.
16:25 of 1st period - Stopped by Jonas Johansson with a rebound.
16:33 of 1st period - Snap shot by Oliver Bjorkstrand.
16:33 of 1st period - Stopped by Jonas Johansson with a rebound.
16:35 of 1st period - Slapshot by David Savard.
16:35 of 1st period - Goal by David Savard - Los Angeles Kings : 0 - San Jose Sharks : 1.
16:36 of 1st period - Peyton Krebs wins face-off versus Rem Pitlick in neutral zone.
16:38 of 1st period - Off-side.
16:39 of 1st period - Rem Pitlick wins face-off versus Peyton Krebs in neutral zone.
16:42 of 1st period - Wrist shot by Jesper Fast.
16:42 of 1st period - Shot Misses the Net.
16:54 of 1st period - Michael Bunting is hit by Rasmus Sandin and loses puck.
17:11 of 1st period - Snap shot by Jakob Silfverberg.
17:11 of 1st period - Shot Misses the Net.
17:13 of 1st period - Snap shot by Jakob Silfverberg.
17:13 of 1st period - Stopped by Jonas Johansson with a rebound.
17:15 of 1st period - Wrist shot by Nick Paul.
17:15 of 1st period - Stopped by Jonas Johansson with a rebound.
17:37 of 1st period - Slapshot by Cooper Marody.
17:37 of 1st period - Shot Misses the Net.
18:17 of 1st period - Icing by Rem Pitlick.
18:18 of 1st period - Alexander Radulov wins face-off versus Rem Pitlick in San Jose Sharks zone.
18:45 of 1st period - Ryan Strome is hit by Mike Matheson and loses puck.
19:06 of 1st period - Snap shot by Nick Paul.
19:06 of 1st period - Stopped by Jonas Johansson without a rebound.
19:07 of 1st period - Ryan Hartman wins face-off versus Nicklas Backstrom in Los Angeles Kings zone.
19:25 of 1st period - Nicklas Backstrom is hit by Ryan Hartman.
19:42 of 1st period - Off-side.
19:43 of 1st period - Ryan Strome wins face-off versus Andrei Svechnikov in neutral zone.
19:57 of 1st period - Minor Penalty to Tyler Gaudet for Interference.
19:58 of 1st period - Peyton Krebs wins face-off versus Ryan Hartman in Los Angeles Kings zone.
Goals for this period are 0 for Los Angeles Kings vs 1 for San Jose Sharks.
Shots for this period are 7 for Los Angeles Kings vs 19 for San Jose Sharks.
2nd period
0:01 of 2nd period - Ryan Strome wins face-off versus Cooper Marody in neutral zone.
0:04 of 2nd period - Vitaly Kravtsov is hit by Ryan Strome and loses puck.
0:09 of 2nd period - Snap shot by Ryan Strome.
0:09 of 2nd period - Deflect By Nick Paul.
0:09 of 2nd period - Shot Blocked by Cooper Marody.
0:09 of 2nd period - Puck is out of play.
0:10 of 2nd period - Ryan Strome wins face-off versus Cooper Marody in Los Angeles Kings zone.
0:11 of 2nd period - Snap shot by Jakob Silfverberg.
0:11 of 2nd period - Shot Misses the Net.
0:13 of 2nd period - Slapshot by Anthony DeAngelo.
0:13 of 2nd period - Stopped by Jonas Johansson with a rebound.
0:15 of 2nd period - Wrist shot by Joel Edmundson.
0:15 of 2nd period - Deflect By Ryan Strome.
0:15 of 2nd period - Goal by Ryan Strome - Los Angeles Kings : 0 - San Jose Sharks : 2.
0:16 of 2nd period - Rem Pitlick wins face-off versus Alexander Radulov in neutral zone.
1:12 of 2nd period - Slapshot by Sonny Milano.
1:12 of 2nd period - Shot Blocked by Erik Brannstrom.
1:14 of 2nd period - Slapshot by Anthony DeAngelo.
1:14 of 2nd period - Shot Blocked by Erik Brannstrom.
1:35 of 2nd period - K'Andre Miller is hit by Joel Edmundson and loses puck.
1:54 of 2nd period - Jesper Fast is hit by Andrei Svechnikov and loses puck.
2:17 of 2nd period - Snap shot by Cooper Marody.
2:17 of 2nd period - Stopped by Marc-Andre Fleury without a rebound.
2:18 of 2nd period - Ryan Strome wins face-off versus Peyton Krebs in San Jose Sharks zone.
2:18 of 2nd period - Ryan Strome is hit by Ryan Reaves.
2:23 of 2nd period - Off-side.
2:24 of 2nd period - Ryan Strome wins face-off versus Peyton Krebs in neutral zone.
2:29 of 2nd period - Slapshot by Jakob Silfverberg.
2:29 of 2nd period - Shot Blocked by K'Andre Miller.
2:35 of 2nd period - Ryan Strome is hit by Ryan Reaves and loses puck.
3:02 of 2nd period - Snap shot by Oliver Bjorkstrand.
3:02 of 2nd period - Stopped by Jonas Johansson without a rebound.
3:03 of 2nd period - Peyton Krebs wins face-off versus Rem Pitlick in Los Angeles Kings zone.
3:32 of 2nd period - Wrist shot by Jakob Silfverberg.
3:32 of 2nd period - Deflect By Ryan Strome.
3:32 of 2nd period - Stopped by Jonas Johansson without a rebound.
3:33 of 2nd period - Ryan Strome wins face-off versus Alexander Radulov in Los Angeles Kings zone.
3:44 of 2nd period - Snap shot by Ryan Strome.
3:44 of 2nd period - Shot Misses the Net.
3:46 of 2nd period - Slapshot by Ryan Strome.
3:46 of 2nd period - Shot Misses the Net.
4:19 of 2nd period - Wrist shot by Ryan Strome.
4:19 of 2nd period - Shot Blocked by Noah Dobson.
4:53 of 2nd period - Snap shot by Andrei Svechnikov.
4:53 of 2nd period - Shot Misses the Net.
5:13 of 2nd period - Wrist shot by Ryan Strome.
5:13 of 2nd period - Stopped by Jonas Johansson with a rebound.
5:59 of 2nd period - Snap shot by Ryan Strome.
5:59 of 2nd period - Shot Misses the Net.
6:01 of 2nd period - Slapshot by Ryan Strome.
6:01 of 2nd period - Shot Misses the Net.
6:26 of 2nd period - Wrist shot by Jakob Silfverberg.
6:26 of 2nd period - Stopped by Jonas Johansson without a rebound.
6:27 of 2nd period - Ryan Hartman wins face-off versus Nicklas Backstrom in Los Angeles Kings zone.
6:28 of 2nd period - Snap shot by William Karlsson.
6:28 of 2nd period - Stopped by Jonas Johansson with a rebound.
6:34 of 2nd period - Anthony DeAngelo is hit by Kirby Dach and loses puck.
7:04 of 2nd period - Matt Tennyson is hit by Derek Forbort and loses puck.
7:17 of 2nd period - Snap shot by Ryan Hartman.
7:17 of 2nd period - Deflect By Oliver Bjorkstrand.
7:17 of 2nd period - Stopped by Jonas Johansson with a rebound.
7:37 of 2nd period - Snap shot by Erik Brannstrom.
7:37 of 2nd period - Shot Blocked by Ryan Hartman.
7:51 of 2nd period - Off-side.
7:52 of 2nd period - Nicklas Backstrom wins face-off versus Michael Bunting in neutral zone.
7:55 of 2nd period - Snap shot by Dominik Kubalik.
7:55 of 2nd period - Shot Misses the Net.
7:57 of 2nd period - Wrist shot by Nicklas Backstrom.
7:57 of 2nd period - Shot Misses the Net.
7:59 of 2nd period - Slapshot by Nicklas Backstrom.
7:59 of 2nd period - Stopped by Marc-Andre Fleury without a rebound.
8:00 of 2nd period - Nicklas Backstrom wins face-off versus Rem Pitlick in San Jose Sharks zone.
8:11 of 2nd period - Wrist shot by Dominik Kubalik.
8:11 of 2nd period - Stopped by Marc-Andre Fleury with a rebound.
8:13 of 2nd period - Wrist shot by Dominik Kubalik.
8:13 of 2nd period - Shot Blocked by Jesper Fast.
8:15 of 2nd period - Snap shot by Kirby Dach.
8:15 of 2nd period - Stopped by Marc-Andre Fleury with a rebound.
8:33 of 2nd period - Snap shot by Mike Hoffman.
8:33 of 2nd period - Deflect By Peyton Krebs.
8:33 of 2nd period - Stopped by Jonas Johansson without a rebound.
8:34 of 2nd period - Nicklas Backstrom wins face-off versus Mike Hoffman in Los Angeles Kings zone.
8:45 of 2nd period - Snap shot by Nicklas Backstrom.
8:45 of 2nd period - Stopped by Marc-Andre Fleury without a rebound.
8:46 of 2nd period - Peyton Krebs wins face-off versus Rem Pitlick in San Jose Sharks zone.
8:47 of 2nd period - Wrist shot by Ryan Reaves.
8:47 of 2nd period - Stopped by Marc-Andre Fleury with a rebound.
8:49 of 2nd period - Snap shot by Peyton Krebs.
8:49 of 2nd period - Shot Misses the Net.
8:51 of 2nd period - Slapshot by Ryan Reaves.
8:51 of 2nd period - Shot Misses the Net.
8:53 of 2nd period - Slapshot by Jakub Zboril.
8:53 of 2nd period - Shot Blocked by Joel Edmundson.
9:42 of 2nd period - Slapshot by Rasmus Sandin.
9:42 of 2nd period - Deflect By Evan Polei.
9:42 of 2nd period - Stopped by Marc-Andre Fleury with a rebound.
9:44 of 2nd period - Slapshot by Rasmus Sandin.
9:44 of 2nd period - Shot Blocked by Derek Forbort.
10:11 of 2nd period - Nicklas Backstrom is hit by Tanner Pearson and loses puck.
11:14 of 2nd period - Wrist shot by Nicklas Backstrom.
11:14 of 2nd period - Stopped by Marc-Andre Fleury with a rebound.
11:36 of 2nd period - Slapshot by Noah Dobson.
11:36 of 2nd period - Stopped by Marc-Andre Fleury without a rebound.
11:37 of 2nd period - Michael Bunting wins face-off versus Peyton Krebs in San Jose Sharks zone.
11:45 of 2nd period - Wrist shot by Peyton Krebs.
11:45 of 2nd period - Shot Misses the Net.
11:47 of 2nd period - Wrist shot by Ryan Reaves.
11:47 of 2nd period - Stopped by Marc-Andre Fleury with a rebound.
11:49 of 2nd period - Slapshot by Peyton Krebs.
11:49 of 2nd period - Stopped by Marc-Andre Fleury without a rebound.
11:50 of 2nd period - Nicklas Backstrom wins face-off versus Ryan Hartman in San Jose Sharks zone.
12:47 of 2nd period - Snap shot by Alexander Radulov.
12:47 of 2nd period - Shot Blocked by Tanner Pearson.
13:23 of 2nd period - Slapshot by Nicklas Backstrom.
13:23 of 2nd period - Stopped by Marc-Andre Fleury with a rebound.
13:25 of 2nd period - Slapshot by Dominik Kubalik.
13:25 of 2nd period - Stopped by Marc-Andre Fleury without a rebound.
13:26 of 2nd period - Rem Pitlick wins face-off versus Peyton Krebs in San Jose Sharks zone.
14:12 of 2nd period - Mike Hoffman is hit by Mike Matheson and loses puck.
14:19 of 2nd period - Snap shot by Andrei Svechnikov.
14:19 of 2nd period - Shot Misses the Net.
14:58 of 2nd period - Snap shot by Noah Dobson.
14:58 of 2nd period - Goal by Noah Dobson - Los Angeles Kings : 1 - San Jose Sharks : 2.
14:59 of 2nd period - Nicklas Backstrom wins face-off versus Ryan Hartman in neutral zone.
15:35 of 2nd period - Snap shot by Vitaly Kravtsov.
15:35 of 2nd period - Stopped by Marc-Andre Fleury with a rebound.
16:17 of 2nd period - Snap shot by Mike Hoffman.
16:17 of 2nd period - Deflect By Sonny Milano.
16:17 of 2nd period - Stopped by Jonas Johansson with a rebound.
17:00 of 2nd period - Slapshot by Vitaly Kravtsov.
17:00 of 2nd period - Shot Blocked by Joel Edmundson.
17:37 of 2nd period - Wrist shot by Alexander Radulov.
17:37 of 2nd period - Stopped by Marc-Andre Fleury without a rebound.
17:38 of 2nd period - Kirby Dach wins face-off versus Sonny Milano in San Jose Sharks zone.
18:48 of 2nd period - Slapshot by Oliver Bjorkstrand.
18:48 of 2nd period - Stopped by Jonas Johansson without a rebound.
18:49 of 2nd period - Michael Bunting wins face-off versus Nicklas Backstrom in Los Angeles Kings zone.
19:04 of 2nd period - Wrist shot by Nicklas Backstrom.
19:04 of 2nd period - Stopped by Marc-Andre Fleury without a rebound.
19:05 of 2nd period - Ryan Strome wins face-off versus Peyton Krebs in San Jose Sharks zone.
19:31 of 2nd period - Nicklas Backstrom is hit by Joel Edmundson and loses puck.
Goals for this period are 1 for Los Angeles Kings vs 1 for San Jose Sharks.
Shots for this period are 17 for Los Angeles Kings vs 11 for San Jose Sharks.
3rd period
0:01 of 3rd period - Rem Pitlick wins face-off versus Alexander Radulov in neutral zone.
0:26 of 3rd period - Peyton Krebs is hit by Ryan Hartman and loses puck.
0:54 of 3rd period - David Savard is hit by Vitaly Kravtsov and loses puck.
1:01 of 3rd period - Wrist shot by Mike Hoffman.
1:01 of 3rd period - Stopped by Jonas Johansson with a rebound.
1:03 of 3rd period - Snap shot by Tanner Pearson.
1:03 of 3rd period - Stopped by Jonas Johansson with a rebound.
1:23 of 3rd period - Wrist shot by Nicklas Backstrom.
1:23 of 3rd period - Shot Misses the Net.
1:59 of 3rd period - Snap shot by Rasmus Sandin.
1:59 of 3rd period - Stopped by Marc-Andre Fleury without a rebound.
2:00 of 3rd period - Ryan Hartman wins face-off versus Alexander Radulov in San Jose Sharks zone.
2:26 of 3rd period - Dominik Kubalik is hit by Michael Bunting and loses puck.
2:53 of 3rd period - Jakob Silfverberg is hit by Ryan Reaves.
3:15 of 3rd period - Snap shot by Tanner Pearson.
3:15 of 3rd period - Shot Misses the Net.
3:17 of 3rd period - Slapshot by Joel Edmundson.
3:17 of 3rd period - Shot Misses the Net.
3:27 of 3rd period - William Karlsson is hit by Tyler Gaudet and loses puck.
5:46 of 3rd period - Slapshot by Jakob Silfverberg.
5:46 of 3rd period - Deflect By Ryan Strome.
5:46 of 3rd period - Stopped by Jonas Johansson without a rebound.
5:47 of 3rd period - Nicklas Backstrom wins face-off versus Ryan Hartman in Los Angeles Kings zone.
5:54 of 3rd period - Rasmus Sandin is hit by Joel Edmundson and loses puck.
6:14 of 3rd period - Minor Penalty to Kirby Dach for Roughing.
6:15 of 3rd period - Ryan Strome wins face-off versus Peyton Krebs in Los Angeles Kings zone.
8:14 of 3rd period - Penalty to Kirby Dach is over, Kirby Dach is back on ice.
8:32 of 3rd period - Wrist shot by Alexander Radulov.
8:32 of 3rd period - Deflect By Andrei Svechnikov.
8:32 of 3rd period - Shot Blocked by Henri Jokiharju.
8:32 of 3rd period - Puck is out of play.
8:33 of 3rd period - Mike Hoffman wins face-off versus Nicklas Backstrom in San Jose Sharks zone.
8:46 of 3rd period - Slapshot by Kirby Dach.
8:46 of 3rd period - Stopped by Marc-Andre Fleury with a rebound.
8:48 of 3rd period - Slapshot by Kirby Dach.
8:48 of 3rd period - Stopped by Marc-Andre Fleury with a rebound.
8:58 of 3rd period - Anthony DeAngelo is hit by Ryan Reaves and loses puck.
9:02 of 3rd period - Icing by Joel Edmundson.
9:03 of 3rd period - Mike Hoffman wins face-off versus Peyton Krebs in San Jose Sharks zone.
9:16 of 3rd period - Slapshot by Peyton Krebs.
9:16 of 3rd period - Stopped by Marc-Andre Fleury with a rebound.
9:18 of 3rd period - Slapshot by Noah Dobson.
9:18 of 3rd period - Shot Blocked by Jacob Middleton.
9:32 of 3rd period - Snap shot by Jakob Silfverberg.
9:32 of 3rd period - Stopped by Jonas Johansson with a rebound.
10:12 of 3rd period - Snap shot by Peyton Krebs.
10:12 of 3rd period - Stopped by Marc-Andre Fleury with a rebound.
10:14 of 3rd period - Slapshot by Mike Matheson.
10:14 of 3rd period - Stopped by Marc-Andre Fleury with a rebound.
10:26 of 3rd period - Minor Penalty to Anthony DeAngelo for Goalie Interference.
10:27 of 3rd period - Ryan Hartman wins face-off versus Nicklas Backstrom in San Jose Sharks zone.
10:41 of 3rd period - Snap shot by Dominik Kubalik.
10:41 of 3rd period - Shot Misses the Net.
10:43 of 3rd period - Slapshot by Kirby Dach.
10:43 of 3rd period - Stopped by Marc-Andre Fleury with a rebound.
11:01 of 3rd period - Slapshot by Noah Dobson.
11:01 of 3rd period - Shot Blocked by David Savard.
11:03 of 3rd period - Slapshot by K'Andre Miller.
11:03 of 3rd period - Deflect By William Karlsson.
11:03 of 3rd period - Stopped by Marc-Andre Fleury without a rebound.
11:04 of 3rd period - Ryan Strome wins face-off versus Nicklas Backstrom in San Jose Sharks zone.
11:30 of 3rd period - Wrist shot by Andrei Svechnikov.
11:30 of 3rd period - Stopped by Marc-Andre Fleury with a rebound.
12:26 of 3rd period - Penalty to Anthony DeAngelo is over, Anthony DeAngelo is back on ice.
12:34 of 3rd period - Slapshot by Anthony DeAngelo.
12:34 of 3rd period - Stopped by Jonas Johansson without a rebound.
12:35 of 3rd period - Cooper Marody wins face-off versus Rem Pitlick in Los Angeles Kings zone.
12:51 of 3rd period - Snap shot by Matt Tennyson.
12:51 of 3rd period - Stopped by Marc-Andre Fleury with a rebound.
13:26 of 3rd period - Henri Jokiharju is hit by Dominik Kubalik and loses puck.
13:37 of 3rd period - Snap shot by Dominik Kubalik.
13:37 of 3rd period - Shot Misses the Net.
13:39 of 3rd period - Slapshot by K'Andre Miller.
13:39 of 3rd period - Shot Misses the Net.
13:41 of 3rd period - Wrist shot by Kirby Dach.
13:41 of 3rd period - Shot Misses the Net.
13:43 of 3rd period - Slapshot by K'Andre Miller.
13:43 of 3rd period - Stopped by Marc-Andre Fleury without a rebound.
13:44 of 3rd period - Alexander Radulov wins face-off versus Ryan Strome in San Jose Sharks zone.
14:36 of 3rd period - Slapshot by Erik Brannstrom.
14:36 of 3rd period - Deflect By Evan Polei.
14:36 of 3rd period - Shot Misses the Net.
14:36 of 3rd period - Puck is out of play.
14:37 of 3rd period - Nick Paul wins face-off versus Cooper Marody in San Jose Sharks zone.
15:03 of 3rd period - Jakub Zboril is hit by David Savard and loses puck.
15:23 of 3rd period - Matt Tennyson is hit by Derek Forbort and loses puck.
15:30 of 3rd period - Jesper Fast is hit by K'Andre Miller and loses puck.
15:39 of 3rd period - Slapshot by Cooper Marody.
15:39 of 3rd period - Goal by Cooper Marody - Los Angeles Kings : 2 - San Jose Sharks : 2.
15:40 of 3rd period - Ryan Hartman wins face-off versus Peyton Krebs in neutral zone.
16:16 of 3rd period - Off-side.
16:17 of 3rd period - Alexander Radulov wins face-off versus Rem Pitlick in neutral zone.
16:42 of 3rd period - Rasmus Sandin is hit by Oliver Bjorkstrand and loses puck.
17:05 of 3rd period - Snap shot by Kirby Dach.
17:05 of 3rd period - Stopped by Marc-Andre Fleury without a rebound.
17:06 of 3rd period - Ryan Strome wins face-off versus Nicklas Backstrom in San Jose Sharks zone.
17:06 of 3rd period - Ryan Strome is hit by Kirby Dach.
17:20 of 3rd period - Wrist shot by Jakob Silfverberg.
17:20 of 3rd period - Stopped by Jonas Johansson without a rebound.
17:21 of 3rd period - Rem Pitlick wins face-off versus Peyton Krebs in Los Angeles Kings zone.
17:26 of 3rd period - Wrist shot by Michael Bunting.
17:26 of 3rd period - Stopped by Jonas Johansson with a rebound.
17:28 of 3rd period - Slapshot by Jesper Fast.
17:28 of 3rd period - Shot Misses the Net.
17:34 of 3rd period - Snap shot by Michael Bunting.
17:34 of 3rd period - Shot Misses the Net.
18:12 of 3rd period - Andrei Svechnikov is hit by Derek Forbort and loses puck.
18:49 of 3rd period - Snap shot by Rem Pitlick.
18:49 of 3rd period - Stopped by Jonas Johansson with a rebound.
Goals for this period are 1 for Los Angeles Kings vs 0 for San Jose Sharks.
Shots for this period are 13 for Los Angeles Kings vs 8 for San Jose Sharks.
Overtime #1
0:01 of 1st overtime period - Ryan Hartman wins face-off versus Nicklas Backstrom in neutral zone.
0:27 of 1st overtime period - David Savard is hit by Kirby Dach.
1:55 of 1st overtime period - Oliver Bjorkstrand is hit by Ryan Reaves and loses puck.
4:40 of 1st overtime period - Icing by K'Andre Miller.
4:41 of 1st overtime period - Sonny Milano wins face-off versus Nicklas Backstrom in Los Angeles Kings zone.
Goals for this period are 0 for Los Angeles Kings vs 0 for San Jose Sharks.
Shots for this period are 0 for Los Angeles Kings vs 0 for San Jose Sharks.
ShootOut
5:00 of 1st overtime period - Round #1.
5:00 of 1st overtime period - Los Angeles Kings, Tyler Gaudet.
5:00 of 1st overtime period - Deke by Tyler Gaudet.
5:00 of 1st overtime period - Stopped by Marc-Andre Fleury.
5:00 of 1st overtime period - San Jose Sharks, Ryan Hartman.
5:00 of 1st overtime period - Wrist shot by Ryan Hartman.
5:00 of 1st overtime period - Stopped by Jonas Johansson.
5:00 of 1st overtime period - Round #2.
5:00 of 1st overtime period - Los Angeles Kings, Nicklas Backstrom.
5:00 of 1st overtime period - Snap shot by Nicklas Backstrom.
5:00 of 1st overtime period - Stopped by Marc-Andre Fleury.
5:00 of 1st overtime period - San Jose Sharks, William Karlsson.
5:00 of 1st overtime period - Snap shot by William Karlsson.
5:00 of 1st overtime period - Stopped by Jonas Johansson.
5:00 of 1st overtime period - Round #3.
5:00 of 1st overtime period - Los Angeles Kings, Kirby Dach.
5:00 of 1st overtime period - Snap shot by Kirby Dach.
5:00 of 1st overtime period - Stopped by Marc-Andre Fleury.
5:00 of 1st overtime period - San Jose Sharks, Ryan Strome.
5:00 of 1st overtime period - Wrist shot by Ryan Strome.
5:00 of 1st overtime period - Goal by Ryan Strome.
Back to the Top